 Dungeon Crawl Stone Soup version 0.20.0-1-g1cb1d84 (webtiles) character file.

253277 Monsterracer the Slingshot (level 20, -1/140 HPs)
             Began as a Halfling Hunter on May 24, 2017.
             Was a High Priest of Okawaru.
             Slain by a two-headed ogre
             ... wielding a +0 giant club
              (9 damage)
             ... while paralysed by an ogre mage
             ... on level 3 of the Vaults on May 26, 2017.
             The game lasted 02:36:20 (49603 turns).

Monsterracer the Slingshot (Halfling Hunter)       Turns: 49603, Time: 02:36:21

Health: -1/140     AC: 27    Str: 13      XL:     20   Next: 99%
Magic:  35/35      EV:  3    Int: 20 (21) God:    Okawaru [*****.]
Gold:   2593       SH:  0    Dex: 24      Spells: 5/19 levels left

rFire    + . .     SeeInvis .   b - +11 demon blade of Xoym Yxa {pain, Int+7}
rCold    . . .     Gourm    +   E - +0 buckler
rNeg     . . .     Faith    .   u - +5 ring mail of Anaesthesia {rF+ Regen+ Int+5}
rPois    .         Spirit   .   x - +2 helmet
rElec    .         Reflect  .   g - +2 cloak
rCorr    +         Harm     .   G - +2 pair of gloves {archery}
MR       +....                  w - +2 pair of boots
Stlth    ++........             I - amulet of the gourmand
Regen    0.8/turn               P - ring of magical power
MPRegen  0.3/turn               O - ring of resist corrosion

@: paralysed
A: deterioration 1, mutation resistance 1
}: 1/15 runes: serpentine
a: Heroism, Finesse, Renounce Religion


You were on level 3 of the Vaults.
You worshipped Okawaru.
Okawaru was extremely pleased with you.
You were very full.

You visited 6 branches of the dungeon, and saw 33 of its levels.
You also visited: Ice Cave.

You collected 3205 gold pieces.
You spent 612 gold pieces at shops.

Inventory:

Hand Weapons
 a - a +6 fustibalus of flaming
 b - the +11 demon blade of Xoym Yxa (weapon) {pain, Int+7}
   (Okawaru gifted it to you on level 2 of the Snake Pit)

   In the hands of one skilled in necromantic magic, it inflicts extra damage on
   living creatures.
   It affects your intelligence (+7).
 t - the +5 fustibalus of Hilelov Voym {velocity, rC+ rN+}
   (Okawaru gifted it to you on level 2 of the Snake Pit)

   Any stone fired from it inflicts extra damage.
   It protects you from cold.
   It protects you from negative energy.
Missiles
 d - 478 sling bullets
 e - 213 stones (quivered)
Armour
 g - a +2 cloak (worn)
 u - the +5 ring mail of Anaesthesia (worn) {rF+ Regen+ Int+5}
   (You found it on level 3 of the Lair of Beasts)

   It affects your intelligence (+5).
   It protects you from fire.
   It increases your rate of regeneration.
 w - a +2 pair of boots (worn)
 x - a +2 helmet (worn)
 E - a +0 buckler (worn)
 G - a +2 pair of gloves of archery (worn)
 N - the +6 chain mail of the Storm King {+Blink +Inv rF+++ Slay-4}
   (You found it on level 11 of the Dungeon)

   It affects your accuracy and damage with ranged weapons and melee attacks
   (-4).
   It renders you almost immune to fire.
   It lets you turn invisible.
   It lets you blink.
 S - a +1 shield of reflection
Jewellery
 C - an uncursed ring of ice
 I - an amulet of the gourmand (around neck)
 O - a ring of resist corrosion (right hand)
 P - a ring of magical power (left hand)
Scrolls
 h - 10 scrolls of teleportation
 i - 2 scrolls of silence
 k - 4 scrolls of fog
 n - 3 scrolls of fear
 r - 3 scrolls of immolation
 s - 21 scrolls of remove curse
 B - 5 scrolls of blinking
 D - 2 scrolls of magic mapping
 H - 11 scrolls of identify
 J - 3 scrolls of recharging
 M - 2 scrolls of enchant armour
Potions
 c - 2 potions of haste
 j - 2 potions of resistance
 o - 7 potions of mutation
 p - 4 potions of invisibility
 q - 7 potions of flight
 v - 10 potions of curing
 z - a potion of might
 A - 3 potions of magic
 K - a potion of berserk rage
 L - 2 potions of lignification
Comestibles
 f - 17 bread rations
 l - 15 meat rations
 m - 23 royal jellies
 F - 22 fruits
 Q - 4 chunks of flesh


   Skills:
 + Level 13.1 Fighting
 + Level 13.5 Long Blades
 * Level 25.7 Slings
 + Level 14.2 Armour
 + Level 14.9 Dodging
 - Level 1.1 Stealth
 + Level 9.4 Shields
 - Level 3.5 Charms
 - Level 4.0 Translocations
 - Level 9.0 Invocations


You had 5 spell levels left.
You knew the following spells:

 Your Spells              Type           Power        Failure   Level  Hunger
a - Swiftness             Chrm/Air       #.......     24%         2    ###....
b - Apportation           Tloc           ###...       6%          1    ##.....
c - Summon Butterflies    Summ           #.......     32%         1    ##.....
d - Passwall              Tmut/Erth      #.........   43%         2    ###....
e - Deflect Missiles      Chrm/Air       #.........   100%        6    #######
f - Blink                 Tloc           N/A          10%         2    ###....


Dungeon Overview and Level Annotations

Branches:
Dungeon (15/15)            Temple (0/1) D:4            Lair (6/6) D:9
 Shoals (3/4) Lair:2        Snake (4/4) Lair:2        Slime (0/5) Lair:6
    Orc (2/2) D:12            Elf (0/3) Orc:2        Vaults (3/5) D:14
 Depths (0/5) D:15
  Crypt: Vaults:2-3

Altars:
Cheibriados
Okawaru
Yredelemnul
The Shining One
Beogh
Jiyva

Shops:
D:9 :   D:11 !(   Orc:1 :   Orc:2 }:[(?   Shoals:2 *   Snake:4 (   Vaults:1 %


Innate Abilities, Weirdness & Mutations

You are small and have problems with some larger weapons.
You are somewhat resistant to further mutation.
Your body sometimes deteriorates upon taking damage.


Message History

The two-headed ogre hits you but does no damage.
The two-headed ogre hits you with a giant club!
The ogre mage hits you but does no damage.
The two-headed ogre hits you with a giant spiked club!
The two-headed ogre hits you with a giant spiked club!!
Your body deteriorates!
You feel dopey. The ogre mage barely misses you.
The two-headed ogre hits you with a giant club!!
* * * LOW HITPOINT WARNING * * *
The two-headed ogre completely misses you.
The ogre mage hits you but does no damage.
The two-headed ogre hits you with a giant spiked club.
* * * LOW HITPOINT WARNING * * *
The two-headed ogre hits you with a giant spiked club!
* * * LOW HITPOINT WARNING * * *
The ogre mage hits you but does no damage.
The two-headed ogre hits you with a giant club!
* * * LOW HITPOINT WARNING * * *
The two-headed ogre hits you with a giant club!
You die...

#+######
#.^....#
#......#
#..@)..#
#.OOO..#
#......#
#......#
#......+
########


You could see 2 two-headed ogres and an ogre mage.

Vanquished Creatures
  Saint Roka (Snake:3)
  Nikola (Shoals:2)
  Jorgrun (Snake:2)
  Polyphemus (Shoals:3)
  Frances (Snake:1)
  Gastronok (Lair:3)
  2 krakens
  5 vault wardens
  10 nagarajas
  A frost giant (IceCv)
  An orc warlord (Orc:2)
  Aizul (Snake:1)
  6 ironheart preservers
  Azrael (Snake:1)
  A merfolk impaler (Shoals:2)
  A fire dragon (D:14)
  An ettin (Vaults:1)
  Josephine (D:15)
  2 ice dragons
  9 hydras
  3 yaktaur captains
  Fannar (D:12)
  Harold (Lair:3)
  2 vault guards
  Erolcha (D:9)
  4 ogre magi
  A merfolk avatar (Shoals:3)
  A rakshasa (Vaults:2)
  17 naga warriors
  6 centaur warriors
  7 death yaks
  4 catoblepae
  12 anacondas
  2 death knights
  A satyr (Shoals:3)
  9 two-headed ogres
  2 tengu warriors (D:13)
  2 deep elf knights
  An orc high priest (Orc:2)
  11 shock serpents
  10 naga sharpshooters
  5 salamander mystics
  A shadow wraith (Vaults:2)
  7 sea snakes
  A glowing orange brain (Vaults:1)
  2 unseen horrors
  2 deep elf archers (Vaults:1)
  7 naga ritualists
  11 harpies
  5 lindwurms
  11 orc knights
  3 wolf spiders (Vaults:2)
  6 deep elf magi
  6 ironbrand convokers
  7 orc sorcerers
  2 wizards
  8 manticores
  8 fauns
  14 mana vipers
  16 salamanders
  7 cyclopes
  17 ugly things
  16 elephants
  5 guardian serpents
  2 water nymphs
  4 vault sentinels (Vaults:1)
  Joseph (D:9)
  43 black mambas
  An ice statue (IceCv)
  11 naga magi
  3 centaur zombies
  4 merfolk sirens (Shoals:3)
  A guardian serpent (shapeshifter) (Vaults:1)
  A gargoyle (D:12)
  14 spiny frogs
  22 yaktaurs
  A freezing wraith (Vaults:1)
  3 centaur skeletons
  6 komodo dragons
  A tengu simulacrum (Vaults:1)
  3 meliai (D:14)
  8 merfolk
  2 wind drakes
  15 polar bears
  10 trolls
  7 dream sheep
  2 hornets (D:8)
  15 slime creatures
  32 blink frogs
  4 snapping turtles
  9 hippogriffs
  A centaur simulacrum (D:14)
  A shadow (D:12)
  Sigmund (D:2)
  4 wraiths
  4 water elementals
  A fire elemental (Snake:1)
  Grum (D:8)
  8 vampire mosquitoes (D:13)
  2 steam dragons
  5 hungry ghosts
  47 yaks
  2 basilisks
  A harpy simulacrum (Vaults:1)
  A soldier ant (D:8)
  59 nagas
  A warg (Vaults:1)
  3 acid dragons
  5 hell hounds (Snake:1)
  18 water moccasins
  7 ice beasts
  13 porcupines
  4 sky beasts
  55 orc warriors
  A swamp drake (Orc:1)
  3 phantoms
  A hornet zombie (D:13)
  4 black bears
  A necrophage (D:10)
  20 ogres
  9 boggarts
  27 wolves
  20 crocodiles
  11 centaurs
  2 big kobolds
  21 bullfrogs
  2 scorpions
  A troll zombie (D:12)
  16 killer bees
  3 howler monkeys
  5 electric eels
  8 crimson imps
  2 bullfrog zombies
  6 hounds
  2 quasits
  A human simulacrum (Vaults:1)
  Crazy Yiuf (D:2)
  4 jellies
  31 orc priests
  An iron imp (Orc:1)
  3 iguanas
  30 orc wizards
  8 worker ants
  5 ogre zombies (D:12)
  The ghost of cereshysteria the Poker, a weakling NaGl (D:3)
  A hound skeleton (D:10)
  Robin (D:4)
  7 gnolls
  A howler monkey zombie (D:4)
  19 adders
  5 shadow imps
  A white imp (Orc:1)
  3 oozes
  3 worms
  A dart slug (D:4)
  13 leopard geckos
  121 orcs
  4 ball pythons
  5 giant cockroaches
  15 goblins
  8 hobgoblins
  16 jackals
  12 kobolds
  3 quokkas
  7 bats
  3 frilled lizards
  2 goblin skeletons (D:12)
  2 goblin zombies (D:12)
  A hobgoblin skeleton (D:12)
  3 hobgoblin zombies (D:12)
  An orc skeleton (D:12)
  10 orc zombies (D:12)
  9 rats
  A fire vortex (Lair:6)
  4 fungi
  5 plants
  6 tentacles
1325 creatures vanquished.

Vanquished Creatures (others)
  A komodo dragon (Lair:2)
  An orc warrior (Vaults:2)
  10 fungi
  6 plants
  18 tentacles
36 creatures vanquished.

Grand Total: 1361 creatures vanquished

Notes
Turn   | Place    | Note
-------+----------+-------------------------------------------
     0 | D:1      | Monsterracer the Halfling Hunter began the quest for the Orb.
     0 | D:1      | Reached XP level 1. HP: 14/14 MP: 1/1
   135 | D:1      | Reached skill level 6 in Slings
   183 | D:1      | Reached XP level 2. HP: 19/19 MP: 2/2
   403 | D:1      | Reached XP level 3. HP: 24/24 MP: 3/3
   652 | D:1      | Upgraded the game from 0.20-b1-18-gaa2fd62 to 0.20-b1-24-gb21faa7
   652 | D:1      | Found an iron altar of Okawaru.
   660 | D:1      | Became a worshipper of Warmaster Okawaru
   839 | D:2      | Noticed Sigmund
  1312 | D:3      | Found a snail-covered altar of Cheibriados.
  1348 | D:3      | Reached XP level 4. HP: 23/30 MP: 4/4
  1532 | D:3      | Noticed cereshysteria's ghost (weakling NaGl)
  1585 | D:2      | Reached skill level 7 in Slings
  1730 | D:2      | Reached skill level 1 in Long Blades
  1855 | D:2      | Reached skill level 1 in Invocations
  1855 | D:2      | Reached XP level 5. HP: 35/35 MP: 5/5
  1884 | D:2      | Found a runed door.
  2211 | D:4      | Found a staircase to the Ecumenical Temple.
  2308 | D:4      | Noticed an ogre
  2326 | D:4      | Killed an ogre
  2326 | D:4      | Reached * piety under Okawaru
  2326 | D:4      | Reached skill level 1 in Armour
  2326 | D:4      | Reached XP level 6. HP: 16/41 MP: 7/7
  2687 | D:4      | Noticed Robin
  2705 | D:4      | Killed Robin
  2713 | D:4      | Reached XP level 7. HP: 44/46 MP: 5/8
  2885 | D:4      | Reached skill level 8 in Slings
  3294 | D:3      | Killed cereshysteria's ghost
  3632 | D:2      | Noticed Crazy Yiuf
  3639 | D:2      | Killed Crazy Yiuf
  3796 | D:2      | Killed Sigmund
  3796 | D:2      | Reached ** piety under Okawaru
  3863 | D:5      | Entered Level 5 of the Dungeon
  4019 | D:4      | Reached XP level 8. HP: 50/52 MP: 8/10
  4175 | D:4      | Reached skill level 9 in Slings
  4590 | D:5      | Reached skill level 14 in Slings
  4590 | D:5      | Reached XP level 9. HP: 57/57 MP: 11/11
  4591 | D:5      | Reached XP level 10. HP: 68/68 MP: 12/12
  5025 | D:6      | Reached skill level 10 in Long Blades
  5335 | D:6      | Reached *** piety under Okawaru
  5398 | D:6      | Got a scorched dagger
  5399 | D:6      | Identified the +6 dagger of the Head {pierce, rElec} (You found it on level 6 of the Dungeon)
  5652 | D:7      | Received a gift from Okawaru
  6574 | D:8      | Identified a scroll of acquirement
  6586 | D:8      | Gained mutation: Your body sometimes deteriorates upon taking damage. [potion of mutation]
  6627 | D:8      | Reached XP level 11. HP: 72/72 MP: 13/13
  6791 | D:8      | Noticed Grum
  6823 | D:8      | Killed Grum
  6850 | D:8      | Got a brightly glowing robe
  6861 | D:8      | Identified the +2 robe "Xemm" {rF+++ rC++ Str-2 Stlth-} (You found it on level 8 of the Dungeon)
  7146 | D:8      | Paralysed by a hornet for 2 turns
  7873 | D:9      | Found a staircase to the Lair.
  8054 | D:9      | Got a smoking leather armour
  8065 | D:9      | Identified the +2 leather armour of Benevolence {Dex+5} (You found it on level 9 of the Dungeon)
  8451 | D:9      | Found Cylachuts's Book Shoppe.
  8512 | D:9      | Noticed a two-headed ogre
  8515 | D:9      | Noticed Erolcha
  8523 | D:9      | Killed a two-headed ogre
  8523 | D:9      | Reached **** piety under Okawaru
  8523 | D:9      | Reached skill level 15 in Slings
  8537 | D:9      | Killed Erolcha
  8537 | D:9      | Received a gift from Okawaru
  8971 | D:9      | Noticed Joseph
  8985 | D:9      | Killed Joseph
  9434 | D:9      | Noticed a two-headed ogre
  9447 | D:9      | Killed a two-headed ogre
  9447 | D:9      | Received a gift from Okawaru
  9501 | Lair:1   | Entered Level 1 of the Lair of Beasts
  9617 | D:9      | Reached skill level 5 in Invocations
  9617 | D:9      | Reached XP level 12. HP: 51/80 MP: 13/15
  9902 | Lair:1   | Noticed a five-headed hydra
  9920 | Lair:1   | Killed a five-headed hydra
 10203 | Lair:1   | Reached ***** piety under Okawaru
 10312 | Lair:1   | Reached skill level 16 in Slings
 10555 | Lair:1   | Received a gift from Okawaru
 10630 | Lair:1   | Learned a level 2 spell: Swiftness
 11146 | Lair:2   | Noticed a four-headed hydra
 11159 | Lair:1   | Killed a four-headed hydra
 11258 | Lair:1   | Reached skill level 1 in Charms
 12090 | Lair:2   | Got a dazzling plate armour
 12104 | Lair:2   | Identified the +5 plate armour of Xenur {MP+9 Dex+3 SInv} (You found it on level 2 of the Lair of Beasts)
 12406 | Lair:2   | Found a staircase to the Snake Pit.
 12565 | Lair:2   | Received a gift from Okawaru
 12960 | Lair:2   | Reached XP level 13. HP: 22/86 MP: 17/17
 13429 | Lair:2   | Found a staircase to the Shoals.
 13434 | Lair:2   | Received a gift from Okawaru
 13523 | Lair:2   | Learned a level 1 spell: Apportation
 13525 | Lair:2   | Learned a level 1 spell: Summon Butterflies
 13849 | Lair:3   | Noticed Harold
 13864 | Lair:3   | Received a gift from Okawaru
 13869 | Lair:3   | Killed Harold
 13976 | Lair:3   | Noticed Gastronok
 13996 | Lair:3   | Killed Gastronok
 13996 | Lair:3   | Reached skill level 17 in Slings
 14069 | Lair:3   | Noticed a four-headed hydra
 14078 | Lair:3   | Killed a four-headed hydra
 14827 | Lair:3   | Received a gift from Okawaru
 14832 | Lair:3   | Got a slimy fustibalus {god gift}
 14833 | Lair:3   | Identified the +6 fustibalus of Hylor {venom, Str+3} (Okawaru gifted it to you on level 3 of the Lair of Beasts)
 14917 | Lair:3   | Got a shimmering ring mail
 14961 | Lair:3   | Identified the +5 ring mail of Anaesthesia {rF+ Regen+ Int+5} (You found it on level 3 of the Lair of Beasts)
 15361 | Lair:4   | Found a frozen archway.
 15362 | Lair:4   | Noticed an ice dragon
 15399 | Lair:4   | Killed an ice dragon
 15615 | IceCv    | Entered an ice cave
 15724 | IceCv    | Received a gift from Okawaru
 15731 | IceCv    | Reached skill level 18 in Slings
 15894 | IceCv    | Reached XP level 14. HP: 94/94 MP: 19/19
 15996 | IceCv    | Received a gift from Okawaru
 16160 | IceCv    | Reached skill level 10 in Dodging
 16234 | IceCv    | Noticed a frost giant
 16274 | IceCv    | Killed a frost giant
 16529 | IceCv    | Received a gift from Okawaru
 17256 | Lair:4   | Received a gift from Okawaru
 17471 | Lair:5   | Learned a level 2 spell: Passwall
 17703 | Lair:5   | Received a gift from Okawaru
 18147 | Lair:5   | You fall through a shaft!
 18147 | Lair:6   | Entered Level 6 of the Lair of Beasts
 18150 | Lair:6   | Received a gift from Okawaru
 18282 | Lair:6   | Got an ichor-stained ring mail
 18293 | Lair:6   | Identified the +0 ring mail of Leedgh {Int+3} (You found it on level 6 of the Lair of Beasts)
 18328 | Lair:6   | Reached skill level 19 in Slings
 18861 | Lair:6   | Received a gift from Okawaru
 18887 | Lair:6   | Found a viscous altar of Jiyva.
 18887 | Lair:6   | Found a staircase to the Slime Pits.
 19155 | Lair:6   | Reached XP level 15. HP: 95/101 MP: 21/21
 19660 | Lair:6   | Reached skill level 10 in Armour
 19779 | Lair:6   | Received a gift from Okawaru
 19897 | Lair:6   | Reached skill level 20 in Slings
 20455 | D:10     | Entered Level 10 of the Dungeon
 20546 | D:10     | Received a gift from Okawaru
 20550 | D:10     | Got a crude plate armour {god gift}
 20561 | D:10     | Identified the +4 plate armour of the Farrier {Dex+4} (Okawaru gifted it to you on level 10 of the Dungeon)
 21276 | D:11     | Found Haejuwun's Antique Weapon Shop.
 21715 | D:11     | Learned a level 6 spell: Deflect Missiles
 21741 | D:11     | Got a heavily runed chain mail
 21752 | D:11     | Identified the +6 chain mail of the Storm King {+Blink +Inv rF+++ Slay-4} (You found it on level 11 of the Dungeon)
 21931 | D:11     | Found Lopnoax's Distillery.
 22683 | D:12     | Found a staircase to the Orcish Mines.
 22811 | D:12     | Noticed Fannar
 23076 | D:12     | Reached skill level 10 in Fighting
 23532 | D:12     | Killed Fannar
 23736 | Orc:1    | Entered Level 1 of the Orcish Mines
 23936 | Orc:2    | Entered Level 2 of the Orcish Mines
 24334 | Orc:2    | Reached XP level 16. HP: 102/109 MP: 18/22
 24437 | Orc:2    | Found Dykomaha's Book Shop.
 24704 | Orc:2    | Found a staircase to the Elven Halls.
 24812 | Orc:2    | Found a roughly hewn altar of Beogh.
 24871 | Orc:2    | Found a roughly hewn altar of Beogh.
 24912 | Orc:2    | Found a roughly hewn altar of Beogh.
 24914 | Orc:2    | Found Bomoleysch's Magic Scroll Shop.
 25114 | Orc:2    | Found a roughly hewn altar of Beogh.
 25245 | Orc:2    | Reached skill level 21 in Slings
 25392 | Orc:2    | Received a gift from Okawaru
 25393 | Orc:2    | Found a roughly hewn altar of Beogh.
 25409 | Orc:2    | Found Humpiruy's Gadget Boutique.
 25645 | Orc:2    | Found Noguk's Antique Armour Emporium.
 25647 | Orc:2    | Found a roughly hewn altar of Beogh.
 25653 | Orc:2    | Found Qotzixaunk's Antique Weapon Shoppe.
 25668 | Orc:2    | Bought an ancient scale mail for 306 gold pieces
 25668 | Orc:2    | Bought a spiked ring mail for 306 gold pieces
 25668 | Orc:2    | Identified the cursed +0 ring mail of Makhleb's Esteem {MR+ rCorr Str+4} (You bought it in a shop on level 2 of the Orcish Mines)
 25669 | Orc:2    | Identified the +3 scale mail of the Ant {+Fly Int+3} (You bought it in a shop on level 2 of the Orcish Mines)
 25882 | Orc:1    | Found a roughly hewn altar of Beogh.
 26005 | Orc:1    | Found Ruahen's Book Shop.
 26361 | Orc:1    | Learned a level 2 spell: Blink
 27058 | D:13     | Reached skill level 1 in Translocations
 27806 | D:14     | Found a gate to the Vaults.
 27915 | D:14     | Received a gift from Okawaru
 28521 | D:15     | Entered Level 15 of the Dungeon
 28832 | D:15     | Noticed Josephine
 28840 | D:15     | Killed Josephine
 29197 | D:15     | Found a staircase to the Depths.
 29583 | Shoals:1 | Entered Level 1 of the Shoals
 29624 | Snake:1  | Entered Level 1 of the Snake Pit
 29641 | Snake:1  | Reached skill level 22 in Slings
 29813 | Snake:1  | Noticed Frances
 29836 | Snake:1  | Killed Frances
 29856 | Snake:1  | Noticed Azrael
 29871 | Snake:1  | Killed Azrael
 29871 | Snake:1  | Reached XP level 17. HP: 60/117 MP: 21/23
 30058 | Snake:1  | Received a gift from Okawaru
 30215 | Snake:1  | Noticed Aizul
 30294 | Snake:1  | Killed Aizul
 30743 | Snake:1  | Received a gift from Okawaru
 30743 | Snake:1  | Reached skill level 1 in Shields
 31267 | Snake:2  | Received a gift from Okawaru
 31271 | Snake:2  | Got a warped demon blade {god gift}
 31272 | Snake:2  | Identified the +11 demon blade of Xoym Yxa {pain, Int+7} (Okawaru gifted it to you on level 2 of the Snake Pit)
 31853 | Snake:2  | Noticed Jorgrun
 31881 | Snake:2  | Killed Jorgrun
 31982 | Snake:2  | Received a gift from Okawaru
 32024 | Snake:2  | Got a scorched fustibalus {god gift}
 32108 | Snake:2  | Identified the +5 fustibalus of Hilelov Voym {velocity, rC+ rN+} (Okawaru gifted it to you on level 2 of the Snake Pit)
 32541 | Snake:2  | Found a glowing golden altar of the Shining One.
 33263 | Snake:3  | Received a gift from Okawaru
 33408 | Snake:3  | Reached skill level 23 in Slings
 33441 | Snake:3  | Reached ****** piety under Okawaru
 33580 | Snake:3  | Noticed Saint Roka
 33592 | Snake:3  | Reached XP level 18. HP: 124/124 MP: 17/24
 33622 | Snake:3  | Killed Saint Roka
 33622 | Snake:3  | Received a gift from Okawaru
 35284 | Snake:3  | Reached skill level 5 in Shields
 36223 | Shoals:1 | Noticed a kraken
 36599 | Lair:2   | Upgraded the game from 0.20-b1-24-gb21faa7 to 0.20.0-1-g1cb1d84
 36635 | Lair:2   | Received a gift from Okawaru
 36726 | Snake:4  | Entered Level 4 of the Snake Pit
 38568 | Snake:4  | Received a gift from Okawaru
 39753 | Snake:4  | Reached skill level 24 in Slings
 40006 | Snake:4  | Reached XP level 19. HP: 77/131 MP: 19/25
 40415 | Snake:4  | Found Givvuyss's Antique Weapon Emporium.
 41829 | Snake:4  | Received a gift from Okawaru
 42066 | Snake:4  | Got a serpentine rune of Zot
 43009 | Shoals:2 | Found Weudaci's Island Escapes.
 43014 | Shoals:2 | Received a gift from Okawaru
 43524 | Shoals:2 | Received a gift from Okawaru
 43643 | Shoals:3 | Noticed Nikola
 43664 | Shoals:2 | Killed Nikola
 43815 | Shoals:3 | Noticed Polyphemus
 44012 | Shoals:3 | Killed Polyphemus
 44925 | Shoals:3 | Received a gift from Okawaru
 45251 | Vaults:1 | Entered Level 1 of the Vaults
 45594 | Vaults:1 | Reached XP level 20. HP: 135/139 MP: 26/26
 46442 | Vaults:1 | Reached skill level 25 in Slings
 46908 | Vaults:1 | Found Bizythil's Food Shop.
 47983 | Vaults:2 | Received a gift from Okawaru
 48262 | Vaults:2 | Found a basalt altar of Yredelemnul.
 49600 | Vaults:3 | Paralysed by an ogre mage for 3 turns
 49603 | Vaults:3 | Slain by a two-headed ogre

Skill      XL: |  1  2  3  4  5  6  7  8  9 10 11 12 13 14 15 16 17 18 19 20 |
---------------+-------------------------------------------------------------+-----
Fighting       | 2 3 6 7 8 9 10 11 12 13 | 13.1
Slings         | 6 7 8 14 15 16 18 19 20 22 23 24 25 | 25.7
Long Blades    | 1 2 3 9 10 11 12 13 | 13.5
Invocations    | 1 2 3 5 6 7 9 |  9.0
Armour         | 1 2 3 6 7 8 9 10 11 12 13 14 | 14.2
Dodging        | 3 4 7 8 9 10 11 12 13 14 | 14.9
Charms         | 1 3 |  3.5
Translocations | 3 4 |  4.0
Shields        | 4 6 7 9 |  9.4
Stealth        | |  1.1

Action                   |  1- 3 |  4- 6 |  7- 9 | 10-12 | 13-15 | 16-18 | 19-21 || total
-------------------------+-------+-------+-------+-------+-------+-------+-------++-------
Melee: Short sword       |    11 |       |       |       |       |       |       ||    11
       Falchion          |    14 |    70 |    73 |       |       |       |       ||   157
       Long sword        |       |       |    66 |   256 |   292 |    42 |       ||   656
       Punch             |       |       |       |     3 |       |       |       ||     3
       Hunting sling     |       |       |       |       |    11 |       |       ||    11
       Fustibalus        |       |       |       |       |     3 |       |       ||     3
       Demon blade       |       |       |       |       |       |   202 |   532 ||   734
 Fire: Hunting sling     |    68 |   100 |    89 |   725 |    57 |       |       ||  1039
       Fustibalus        |       |       |       |       |  1421 |  2143 |   970 ||  4534
Invok: Heroism           |       |       |     5 |    17 |    15 |    11 |     9 ||    57
       Finesse           |       |       |       |       |    15 |    10 |     9 ||    34
  Use: Potion            |     3 |     2 |     3 |     8 |     3 |     7 |       ||    26
       Scroll            |       |       |    13 |     6 |    12 |     7 |     2 ||    40
 Stab: Sleeping          |       |       |       |       |       |     1 |       ||     1
       Distracted        |       |       |       |       |       |       |     1 ||     1
  Eat: Chunk             |     1 |     4 |     7 |    32 |    44 |    38 |    37 ||   163
       Fruit             |       |       |       |       |       |     3 |     1 ||     4
Armor: Leather armour    |     8 |    18 |     7 |    34 |       |       |       ||    67
       Ring mail         |       |       |    50 |    15 |   215 |   210 |   165 ||   655
       Robe              |       |       |       |    55 |    41 |       |       ||    96
       Plate armour      |       |       |       |    44 |    21 |       |       ||    65
Dodge: Dodged            |    35 |    91 |   170 |   641 |   752 |   892 |   726 ||  3307
Block: Buckler           |       |       |       |       |       |    86 |   344 ||   430
       Rpst.: Falchion   |     1 |    30 |    20 |       |       |       |       ||    51
       Long sword        |       |       |    15 |    70 |    48 |    18 |       ||   151
       Demon blade       |       |       |       |       |       |    45 |    79 ||   124
